Map: Overgrowth LE (Void)

Players

Neuro

  • Race: Zerg Zerg
  • Spawn Location: 7:00

Arkthelegend - Winner!

  • Race: Zerg Zerg
  • League: Master
  • Spawn Location: 1:00

VOD

Have the link to the VOD?

Description

Time

  • Played on: Nov. 27, 2016, 6:18 p.m.
  • Length: 6:53
Show
View Real Time Build Order
Export as new Build Order

Neuro Zerg 

Build Orders: Hatch First 

Get SALT Encoding   

  12  0:01  Drone  
  13  0:13  Overlord  
  13  0:19  Drone  
  14  0:31  Drone x2  
  16  0:36  Drone  
  17  0:52  Hatchery  
  17  0:54  Drone  
  18  0:57  Drone  
  18  1:08  Extractor  
  17  1:12  Spawning Pool  
  17  1:14  Drone  
  17  1:17  Drone  
  18  1:28  Drone  
  19  1:39  Overlord  
  19  1:49  Drone  
  20  1:58  Queen  
  20  2:00  Drone  
  23  2:03  Queen  
  23  2:04  Zergling x2  
  26  2:08  Metabolic Boost  
  26  2:11  Drone  
  27  2:22  Drone x2  
  29  2:25  Drone  
  30  2:32  Drone  
  31  2:38  Hatchery  
  31  2:41  Baneling Nest  
  29  2:44  Zergling x2  
  30  2:57  Drone x4  
  33  3:03  Queen  
  35  3:08  Overlord  
  35  3:10  Overlord  
  35  3:22  Roach Warren  
  35  3:23  Zergling x4  
  35  3:28  Zergling x8  
  35  3:33  Drone x2  
  41  3:42  Zergling x2  
  41  3:43  Baneling x3  
  41  3:45  Zergling x8  
  46  3:49  Zergling x4  
  46  3:52  Drone  
  46  3:53  Drone  
  49  4:03  Drone x3  
  52  4:13  Overlord  
  52  4:14  Overlord x2  
  50  4:29  Hatchery  
  49  4:35  Roach x4  
  49  4:37  Drone x2  
  56  4:51  Roach  
  56  4:52  Zergling x2, Roach x3  
  65  5:00  Drone x2  
  65  5:06  Overlord x2  
  67  5:10  Roach x2  
  71  5:25  Queen  
  73  5:29  Roach x2  
  73  5:33  Zergling x8, Queen  
  83  5:43  Queen  
  85  5:54  Roach x3  
  85  5:55  Zergling x6  
  85  5:56  Zergling x2  
  85  6:01  Zergling x8  
  75  6:04  Extractor  
  75  6:06  Evolution Chamber  
  75  6:08  Roach x2  
  69  6:17  Roach  
  64  6:19  Zergling x8  
  64  6:25  Zergling x4  
Show
View Real Time Build Order
Export as new Build Order

Arkthelegend Zerg - Winner!

Build Orders: Hatch First 

Get SALT Encoding   

  12  0:01  Drone  
  13  0:12  Overlord  
  13  0:17  Drone  
  14  0:31  Drone x2  
  14  0:34  Drone  
  17  0:52  Hatchery  
  17  0:55  Drone  
  18  0:57  Drone  
  18  1:00  Extractor  
  17  1:12  Spawning Pool  
  17  1:15  Drone  
  17  1:19  Drone  
  18  1:28  Drone  
  19  1:39  Overlord  
  19  1:59  Queen  
  19  2:00  Zergling x2  
  22  2:01  Zergling x2, Metabolic Boost  
  22  2:04  Queen  
  22  2:06  Drone  
  26  2:15  Drone  
  27  2:18  Drone  
  28  2:24  Drone  
  28  2:29  Drone  
  30  2:37  Hatchery  
  30  2:42  Drone x2  
  31  2:48  Drone  
  32  2:56  Drone, Overlord  
  33  3:07  Zergling x4  
  33  3:10  Zergling x2  
  36  3:18  Zergling x12  
  41  3:28  Zergling x4  
  41  3:32  Roach Warren  
  41  3:36  Overlord  
  41  3:39  Zergling x2  
  42  3:45  Zergling x4  
  43  4:02  Overlord  
  41  4:08  Overlord  
  39  4:13  Roach x7  
  53  4:21  Roach x2  
  53  4:22  Roach  
  52  4:28  Zergling x2  
  52  4:31  Zergling x2  
  54  4:33  Zergling x2  
  54  4:38  Zergling x4  
  51  4:48  Zergling x6  
  51  4:49  Zergling x8  
  58  4:55  Roach  
  58  4:59  Roach  
  62  5:03  Roach  
  62  5:05  Roach  
  66  5:10  Zergling x12  
  72  5:16  Roach  
  72  5:18  Overlord x2  
  74  5:27  Overlord  
  74  5:35  Overlord  
  74  5:38  Zergling x8  
  77  5:55  Zergling x14  
  77  5:59  Zergling x4  
  69  6:05  Zergling x4  
  69  6:06  Zergling x4  
  71  6:20  Zergling x6  
  71  6:21  Zergling x8  
  74  6:28  Ravager  
  72  6:35  Zergling x12  
Tags
 
Add a new tag
Caveats
  • Supply blocks, unpowered buildings, or Contaminate may cause inaccurate times.
  • Supply counts are checked every 10 seconds.